 Dungeon Crawl Stone Soup version 0.30-b1-2-g02819fbbbe (webtiles) character file.

Game seed: 3485199335614866671

13 raph the Firebug (level 2, 0/15 HPs)
             Began as a Gargoyle Fire Elementalist on May 19, 2023.
             Slain by a jackal (1 damage)
             ... on level 1 of the Dungeon.
             The game lasted 00:01:21 (777 turns).

raph the Firebug (Gargoyle Fire Elementalist)        Turns: 777, Time: 00:01:22

Health: 0/15       AC:  4    Str: 11    XL:     2   Next: 37%
Magic:  3/5        EV: 11    Int: 15    God:
Gold:   66         SH:  0    Dex: 10    Spells: 4/5 levels left

rFire   . . .        f - +0 whip (vamp)
rCold   . . .        (no shield)
rNeg    + . .        a - +0 robe
rPois   ∞            (no helmet)
rElec   +            (no cloak)
rCorr   .            (no gloves)
SInv    .            (no boots)
Will    .....        (no amulet)
Stlth   ++           (no ring)
HPRegen 0.22/turn    (no ring)
MPRegen 0.09/turn

%: no passive effects
@: no status effects
A: sickness immunity, AC +2, negative energy resistance 1, electricity
resistance, torment resistance 1, petrification resistance
a: no special abilities


You were on level 1 of the Dungeon.
You visited 1 branch of the dungeon, and saw 1 of its levels.

You collected 66 gold pieces.

Inventory:

Hand Weapons
 f - a +0 vampiric whip (weapon)
Armour
 a - a +0 robe (worn)
 c - a +0 buckler
Scrolls
 e - a scroll of magic mapping {unknown}
Potions
 b - a potion of magic


   Skills:
 - Level 1.5 Dodging
 - Level 2.1 Stealth
 - Level 2.0 Spellcasting
 + Level 1.5 Conjurations
 + Level 3.5 Fire Magic


You had 4 spell levels left.
You knew the following spells:

 Your Spells              Type           Power      Damage    Failure   Level
a - Foxfire               Conj/Fire      36%        2x1d5     8%          1

Your spell library contained the following spells:

 Spells                   Type           Power      Damage    Failure   Level
 Scorch                   Fire           24%        2d6       8%          2
 Inner Flame              Hex/Fire       6%         N/A       32%         3
 Volatile Blastmotes      Fire/Tloc      12%        2d11      32%         3
 Flame Wave               Conj/Fire      9%         2d6       61%         4


Dungeon Overview and Level Annotations

Branches:
Dungeon (1/15)

Altars:


Innate Abilities, Weirdness & Mutations

You are immune to sickness and miasma.
Your stone body is resilient. (AC +2)
You are immune to poison.
You resist negative energy. (rN+)
You are resistant to electric shocks. (rElec)
You are resistant to unholy torment.
You are immune to petrification.


Message History

The ball python bites you. The ball python barely misses you.
The jackal attacks as you move away! The jackal bites you.
Casting: Foxfire (safe; 8% risk of failure)
Confirm with . or Enter, or press ? or * to list all spells.
You conjure some foxfire!
The jackal barely misses you. The ball python closely misses you.
The ball python grabs you. The ball python constricts you.
The jackal bites you but does no damage.
The foxfire hits the jackal.
The jackal is severely wounded.
Casting: Foxfire (safe; 8% risk of failure)
Confirm with . or Enter, or press ? or * to list all spells.
You conjure some foxfire!
The ball python closely misses you. The ball python constricts you.
The jackal bites you but does no damage.
The jackal bites you.
Casting: Foxfire (safe; 8% risk of failure)
Confirm with . or Enter, or press ? or * to list all spells.
There is not enough space to conjure foxfire!
You miss the jackal.
The foxfire hits the jackal.
The jackal is moderately wounded.
The foxfire hits the jackal.
You kill the jackal!
The ball python closely misses you. The ball python constricts you.
The jackal barely misses you. The jackal bites you.
The jackal barely misses you. The ball python bites you.
The ball python constricts you.
* * * LOW HITPOINT WARNING * * *
The jackal bites you but does no damage.
You escape the ball python's grasp.
The jackal attacks as you move away!
The jackal bites you but does no damage.
The jackal attacks as you move away! The jackal bites you.
* * * LOW HITPOINT WARNING * * *
Okay, then.
As you read the scroll labelled RIESOL SAPH, it crumbles to dust.
It is a scroll of brand weapon.
Your +0 whip thirsts for the lives of mortals!
f - a +0 vampiric whip (weapon)
The jackal bites you.
You die...

#### ..# #.#
###+#####.####
#........hh@.#
#.......†S##.#
#.........##.#
#..........#..
#..........####
.........#.#
...........$.
########.#.#..
#+#+#..#


You could see 2 jackals and a ball python.

Vanquished Creatures
  2 ball pythons (D:1)
  An endoplasm (D:1)
  3 giant cockroaches (D:1)
  A hobgoblin (D:1)
  A jackal (D:1)
  3 frilled lizards (D:1)
  A rat (D:1)
12 creatures vanquished.

Vanquished Creatures (others)
  44 foxfires (D:1)
44 creatures vanquished.

Grand Total: 56 creatures vanquished

Notes
Turn   | Place    | Note
-------+----------+-------------------------------------------
     0 | D:1      | raph the Gargoyle Fire Elementalist began the quest for the
                  | Orb.
     0 | D:1      | Reached XP level 1. HP: 10/10 MP: 3/3
   375 | D:1      | Reached XP level 2. HP: 15/15 MP: 0/5
   777 | D:1      | Slain by a jackal

Illustrated notes

Levels and vault maps discovered:
D:1:      wander_arrival_peaceful_grave, layout_basic, minmay_misc_feat_pillars,
          dk_noncrumbling_4

Action                     || total
---------------------------++-------
  Melee: Unarmed           ||     2
         Whip              ||     1
   Cast: Foxfire           ||    26
    Use: Scroll            ||     1
 Armour: Robe              ||     6
  Dodge: Dodged            ||    12
